AoeStats
← TORRES

Pilgrims

510226513Analyzed
4v4 RM · 1d ago on Sep 30, 2026· 54m 40s· 8 players
Game mode
Random Map
Map size
Large (8 player)
Population
200
Speed
Normal
Resources
Standard
Victory
Conquest
Starting age
Dark Age
Ending age
Imperial Age
RankedLock teamsTeams togetherTeam positionsShared explorationLock speedFull tech treeHidden civsTurbo modeCheats
Victory
Defeat
🇺🇸 Persians · United States
672
+15
🇵🇪 Britons · Peru
671
+15
🇧🇷 Franks · Brazil
651
+16
🇺🇸 Poles · United States
618
+18
🇵🇪 Byzantines · Peru
653
-16
🇦🇷 Celts · Argentina
650
-16
🇦🇷 Huns · Argentina
649
-16
🇨🇴 Goths · Colombia
643
-16
killerClown9969
15:26 Feudal Age
19:09 Wheelbarrow
18:19 Horse Collar
18:28 Double-Bit Axe
21:21 Scale Barding Armor
21:29 Forging
24:31 Castle Age
24:56 Bloodlines
25:43 Pikeman
26:24 Squires
25:54 Light Cavalry
28:33 Husbandry
33:02 Heavy Plow
33:37 Hand Cart
39:31 Imperial Age
37:33 Bow Saw
41:06 Crop Rotation
41:38 Two-Man Saw
41:34 Coinage
41:16 Guilds
41:47 Iron Casting
41:13 Scale Mail Armor
41:49 Conscription
41:33 Perfusion
41:39 Anarchy
44:26 Halberdier
45:52 Capped Ram
52:23 Chain Mail Armor
53:09 Blast Furnace
TORRES
15:02 Feudal Age
16:12 Horse Collar
16:17 Fishing Lines
17:49 Wheelbarrow
17:36 Gold Mining
17:40 Stone Mining
24:31 Double-Bit Axe
24:41 Arson
29:44 Castle Age
27:37 Fletching
27:58 Forging
29:28 Padded Archer Armor
29:29 Scale Mail Armor
29:36 Scale Barding Armor
31:36 Hand Cart
31:00 Pikeman
31:41 Squires
31:08 Elite Skirmisher
35:23 Caravan
35:49 Bodkin Arrow
42:25 Imperial Age
45:17 Iron Casting
45:00 Chain Mail Armor
47:20 Ballistics
48:12 Chemistry
L.T Smith
15:10 Feudal Age
17:11 Double-Bit Axe
20:37 Castle Age
19:23 Fishing Lines
24:12 Bow Saw
32:55 Loom
33:46 Wheelbarrow
32:56 Town Watch
36:35 Gillnets
36:36 Arson
36:49 Pikeman
39:14 Medium Warships
42:54 Imperial Age
40:40 Hand Cart
40:52 Forging
40:43 Scale Mail Armor
40:40 Horse Collar
42:58 Heavy Scorpion
45:53 Ballistics
46:34 Chemistry
45:45 Siege Engineers
federicoheredia
12:41 Feudal Age
14:21 Double-Bit Axe
15:39 Horse Collar
16:23 Gold Mining
16:23 Stone Mining
16:43 Stone Mining
20:58 Castle Age
19:33 Wheelbarrow
23:47 Scale Barding Armor
23:53 Forging
25:13 Fishing Lines
26:11 Town Watch
27:51 Fletching
28:21 Chain Barding Armor
29:29 Gold Shaft Mining
30:25 Bow Saw
32:25 Scale Mail Armor
34:34 Chain Mail Armor
35:16 Padded Archer Armor
36:43 Heavy Plow
38:43 Loom
39:13 Hand Cart
39:48 Ballistics
39:23 Murder Holes
40:03 Husbandry
40:14 Bloodlines
40:06 Husbandry
40:54 Marauders
41:36 Iron Casting
43:23 Masonry
47:34 Imperial Age
44:52 Demolition Ship
46:11 Bodkin Arrow
46:32 Leather Archer Armor
46:49 Gillnets
47:42 Cavalier
RadCargo6254
4:19 Loom
14:44 Feudal Age
15:03 Fishing Lines
15:38 Town Watch
16:28 Wheelbarrow
15:42 Double-Bit Axe
15:56 Stone Mining
16:04 Gold Mining
21:55 Castle Age
22:49 Husbandry
22:53 Gillnets
23:12 Light Cavalry
25:05 Gold Shaft Mining
27:30 Bow Saw
30:54 Imperial Age
28:50 Medium Warships
28:01 Demolition Ship
28:42 Horse Collar
29:41 Stone Shaft Mining
30:44 Hand Cart
30:31 Town Patrol
31:32 Conscription
30:46 Cavalier
34:27 Chemistry
33:23 Murder Holes
35:52 Elite Cannon Galleon
38:28 Savar
39:45 Hussar
40:41 Bloodlines
42:27 Ballistics
43:49 Forging
Looting
8:06 Loom
12:11 Feudal Age
14:35 Double-Bit Axe
19:53 Castle Age
24:37 Fishing Lines
29:21 Imperial Age
26:52 Light Cavalry
27:39 Scale Barding Armor
27:46 Forging
27:33 Town Watch
27:46 Horse Collar
28:46 Wheelbarrow
30:11 Winged Hussar
31:31 Heavy Plow
33:18 Chain Barding Armor
32:49 Fletching
34:16 Crop Rotation
35:31 Scale Mail Armor
35:02 Pikeman
36:48 Chain Mail Armor
37:48 Conscription
40:17 Elite Skirmisher
41:32 Plate Mail Armor
43:13 Iron Casting
43:41 Lechitic Legacy
43:12 Onager
45:02 Blast Furnace
44:38 Bloodlines
44:13 Elite Obuch
45:17 Padded Archer Armor
46:14 Stone Mining
46:16 Gold Mining
46:31 Husbandry
48:12 Bodkin Arrow
48:53 Arson
49:28 Thumb Ring
52:51 Bracer
52:37 Heavy Mounted Crossbowman
53:54 Ballistics
[MCC] Bacteria-Am
l.zevallos
8:41 Loom
12:27 Feudal Age
14:16 Double-Bit Axe
20:32 Fishing Lines
21:13 Gold Mining
24:07 Castle Age
22:31 Fletching
22:44 Padded Archer Armor
28:57 Bow Saw
28:28 Horse Collar
31:18 Crossbowman
32:45 Ballistics
33:08 Murder Holes
33:14 Bodkin Arrow
33:35 Leather Archer Armor
34:05 Gold Shaft Mining
35:53 Fortified Wall
35:54 Masonry
35:25 Treadmill Crane
42:13 Imperial Age
43:01 Yeomen
44:21 Wheelbarrow
43:35 Town Watch
43:25 Arbalester
45:12 Chemistry
44:44 Architecture
46:35 Hand Cart
46:21 Town Patrol
48:38 Warwolf
49:15 Hoardings
48:12 Elite Longbowman
50:03 Siege Engineers
49:49 Guard Tower
49:45 Arrowslits
52:05 Bracer
52:36 Ring Archer Armor
55:08 Two-Man Saw
54:09 Heavy Plow
Connection lost

Rejoining the realm…

Still unreachable

The connection could not be restored.

Session expired

The server has moved on; the page needs a fresh start.